 Dungeon Crawl Stone Soup version 0.22.0-40-g68aacdc (console) character file.

690320 nht the Halfling Ballista (level 27, -5/199 (204) HPs)
             Began as a Halfling Berserker on Aug 31, 2018.
             Was an Initiate of Makhleb.
             Slain by a phantasmal warrior (16 damage)
             ... summoned by a curse skull
             ... on level 1 of the Crypt on Sept 1, 2018.
             The game lasted 04:18:24 (68528 turns).

nht the Halfling Ballista (Halfling Berserker)     Turns: 68528, Time: 04:18:46

HP:   -5/199 (204)  AC: 51    Str: 26    XL:     27
MP:   32/32         EV: 23    Int:  6    God:    Makhleb [......]
Gold: 307           SH: 22    Dex: 28    Spells: 26/26 levels left

rFire    + + .     SeeInvis +   b - +12 Vampire's Tooth {vamp}
rCold    . . .     Gourm    .   f - +3 shield {reflect}
rNeg     + . .     Faith    .   n - +13 plate armour of the Original Sin {rC- Str+3 Slay+5}
rPois    .         Spirit   .   I - +2 hat {MR+}
rElec    +         Reflect  +   J - +4 dragonskin cloak
rCorr    .         Harm     .   L - +2 pair of gloves {archery}
MR       +++++                  D - +2 pair of boots {Fly}
Stlth    ++........             S - amulet of Vitality {Regen+ HP+15}
HPRegen  0.83/turn              Q - ring of Fenut {+Inv MR+ Dex+4 SInv}
MPRegen  0.23/turn              P - ring "Kaeghoh" {rF+ rC+ MR+ AC+4 Str+3}

@: about to teleport, flying, very slightly contaminated, drained
A: small, hooves 1, mutation resistance 1
}: 4/15 runes: decaying, slimy, silver, gossamer
a: Renounce Religion, Evoke Invisibility, Stop Flying


You were on level 1 of the Crypt.
You worshipped Makhleb.
Makhleb was noncommittal.
You were hungry.

You visited 12 branches of the dungeon, and saw 55 of its levels.
You visited the Abyss 1 time.
You visited 2 bazaars.
You also visited: Labyrinth, Bailey, Wizlab and Desolation.

You collected 11001 gold pieces.
You spent 10694 gold pieces at shops.

Inventory:

Hand Weapons
 b - the +12 Vampire's Tooth (weapon) {vamp}
   (You found it on level 1 of the Depths)

   It inflicts no extra harm, but heals its wielder when it wounds a living foe.
 g - a +9 antimagic quick blade
 X - a +8 blowgun
Missiles
 h - 3 poisoned tomahawks (quivered)
 w - 27 curare-tipped needles
 x - 29 tomahawks
 z - 14 steel tomahawks
 F - 23 tomahawks of dispersal
 M - 12 needles of paralysis
 N - 22 needles of frenzy
 O - 29 needles of sleeping
 Y - 55 needles of confusion
Armour
 f - a +3 shield of reflection (worn)
 n - the +13 plate armour of the Original Sin (worn) {rC- Str+3 Slay+5}
   (You found it on level 5 of the Pits of Slime)

   It affects your strength (+3).
   It affects your accuracy and damage with ranged weapons and melee attacks
   (+5).
   It makes you vulnerable to cold.
 t - a scarf of repulsion
 D - a +2 pair of boots of flying (worn)
 I - a +2 hat of magic resistance (worn)
 J - the +4 dragonskin cloak (worn)
   (You took it off Tiamat on level 4 of the Realm of Zot)
 L - a +2 pair of gloves of archery (worn)
 T - the +0 pair of boots "Jaoteo" {rPois rF++ rC- Slay+3}
   (You found it on level 2 of the Swamp)

   It affects your accuracy and damage with ranged weapons and melee attacks
   (+3).
   It greatly protects you from fire.
   It makes you vulnerable to cold.
   It protects you from poison.
 U - a scarf of cloud immunity
Jewellery
 u - the ring of Wipud {rElec Dex+3}
   (You found it on level 3 of the Depths)

   [ring of dexterity]

   It affects your dexterity (+3).
   It insulates you from electricity.
 E - the ring "Feumunua" {rF++ Stlth-}
   (You found it in the Desolation of Salt)

   [ring of attention]

   It greatly protects you from fire.
   It makes you less stealthy.
 P - the ring "Kaeghoh" (right hand) {rF+ rC+ MR+ AC+4 Str+3}
   (You bought it in a shop in a bazaar)

   [ring of protection]

   It affects your AC (+4).
   It affects your strength (+3).
   It protects you from fire.
   It protects you from cold.
   It affects your resistance to hostile enchantments.
 Q - the ring of Fenut (left hand) {+Inv MR+ Dex+4 SInv}
   (You acquired it on level 5 of the Dungeon)

   [ring of see invisible]

   It affects your dexterity (+4).
   It affects your resistance to hostile enchantments.
   It lets you see invisible.
   It lets you turn invisible.
 R - the ring "Imuete" {rF+ rN+ Dex+4 Stlth-}
   (You found it in the Desolation of Salt)

   [ring of attention]

   It affects your dexterity (+4).
   It protects you from fire.
   It protects you from negative energy.
   It makes you less stealthy.
 S - the amulet of Vitality (around neck) {Regen+ HP+15}
   (You bought it in a shop on level 3 of the Elven Halls)

   [amulet of regeneration]

   It affects your health (+15).
   It increases your rate of regeneration.
Wands
 d - a wand of digging (40)
Scrolls
 e - 25 scrolls of remove curse
 i - 9 scrolls of teleportation
 o - 2 scrolls of holy word
 s - 7 scrolls of magic mapping
 y - 10 scrolls of blinking
 A - 8 scrolls of immolation
 B - 4 scrolls of fog
 Z - 4 scrolls of identify
Potions
 a - a potion of berserk rage
 j - 7 potions of mutation
 k - 13 potions of heal wounds
 p - 4 potions of haste
 q - a potion of flight
 r - 32 potions of curing
 v - a potion of ambrosia
 G - a potion of cancellation
 H - 11 potions of might
 K - 2 potions of resistance
 W - 5 potions of agility
Miscellaneous
 l - a fan of gales
 C - a lightning rod (4/4)
 V - a lamp of fire (inert)
Comestibles
 c - 50 rations


   Skills:
 + Level 15.8 Fighting
 - Level 24.2(24.0) Short Blades
 O Level 27(26.8) Throwing
 - Level 20.0(19.9) Armour
 + Level 13.6(13.5) Dodging
 + Level 14.9(14.8) Stealth
 - Level 21.0(20.9) Shields
 - Level 12.0(11.9) Evocations


You had 26 spell levels left.
You didn't know any spells.
Your spell library contained the following spells:

 Spells                   Type           Power        Failure   Level  Hunger
 Flame Tongue             Conj/Fire      #....        94%         1    ##.....
 Infusion                 Chrm           #...         94%         1    ##.....
 Summon Butterflies       Summ           #.......     94%         1    ##.....
 Corpse Rot               Necr           N/A          98%         2    ###....
 Searing Ray              Conj           #.....       98%         2    ###....
 Shroud of Golubria       Chrm/Tloc      #.........   98%         2    ###....
 Throw Flame              Conj/Fire      #.....       98%         2    ###....
 Call Canine Familiar     Summ           #.......     100%        3    ####...
 Conjure Flame            Conj/Fire      #.......     100%        3    ####...
 Inner Flame              Hex/Fire       #.......     100%        3    ####...
 Spectral Weapon          Hex/Chrm       #.......     100%        3    ####...
 Vampiric Draining        Necr           #.........   100%        3    ####...
 Cause Fear               Hex            #.........   100%        4    #####..
 Fulminant Prism          Conj/Hex       #.........   100%        4    #####..
 Ice Form                 Ice/Tmut       #.......     100%        4    #####..
 Sticky Flame             Conj/Fire      #.......     100%        4    #####..
 Summon Ice Beast         Ice/Summ       #.......     100%        4    #####..
 Excruciating Wounds      Chrm/Necr      #.........   100%        5    ######.
 Fireball                 Conj/Fire      #.........   100%        5    ######.
 Iskenderun's Battlesphe  Conj/Chrm      #.......     100%        5    ######.
 Lightning Bolt           Conj/Air       #.........   100%        5    ######.
 Metabolic Englaciation   Hex/Ice        #.........   100%        5    ######.
 Silence                  Hex/Air        #.........   100%        5    ######.
 Summon Mana Viper        Hex/Summ       #.......     100%        5    ######.
 Yara's Violent Unravell  Hex/Tmut       #.........   100%        5    ######.
 Bolt of Cold             Conj/Ice       #.........   100%        6    #######
 Deflect Missiles         Chrm/Air       #.........   100%        6    #######
 Freezing Cloud           Conj/Ice/Air   #.........   100%        6    #######
 Ozocubu's Refrigeration  Ice            #.........   100%        6    #######
 Simulacrum               Ice/Necr       #.........   100%        6    #######
 Malign Gateway           Summ/Tloc      #.........   100%        7    #######
 Monstrous Menagerie      Summ           #.........   100%        7    #######
 Summon Greater Demon     Summ           #.........   100%        7    #######
 Summon Hydra             Summ           #.........   100%        7    #######
 Discord                  Hex            #.........   100%        8    #######
 Summon Horrible Things   Summ           #.........   100%        8    #######


Dungeon Overview and Level Annotations

Branches:
Dungeon (15/15)            Temple (1/1) D:5            Lair (6/6) D:10
  Swamp (4/4) Lair:3       Spider (4/4) Lair:4        Slime (5/5) Lair:6
    Orc (2/2) D:10            Elf (3/3) Orc:2        Vaults (5/5) D:14
  Crypt (1/3) Vaults:3     Depths (5/5) D:15            Zot (4/5) Depths:5

Altars:
Ashenzari
Cheibriados
Dithmenos
Elyvilon
Fedhas
Gozag
Hepliaklqana
Kikubaaqudgha
Makhleb
Nemelex Xobeh
Okawaru
Qazlal
Ru
Sif Muna
Trog
Uskayaw
Vehumet
Wu Jian
Xom
Yredelemnul
Zin
The Shining One
Beogh
Jiyva

Shops:
D:5 ?   D:7 :   D:14 %   Orc:2 ***[   Elf:1 :   Elf:2 (   Elf:3 ?=[
Vaults:4 [   Zot:2 *   Depths:1 ?   Depths:2 (   Depths:3 (

Portals:
Hell: Depths:1 Depths:2 Depths:3 Depths:4 Depths:5
Abyss: Depths:1 Depths:2 Depths:3 Depths:4
Pandemonium: Depths:3 Depths:4
Ziggurat: Depths:5

Annotations:
Lair:4 exclusion: 3 oklob plants
Orc:1 1 runed door, Oxkywax's ghost, journeyman DsFE
Vaults:4 2 runed doors, Zuyghoite's ghost, adept MiFi
Depths:3 4 runed doors
Depths:4 exclusion: orange crystal statue
Depths:5 1 runed door
Zot:2 3 runed doors, exclusion: obsidian statue, Vajrapani's ghost, legendary GrFi


Innate Abilities, Weirdness & Mutations

You are small and have problems with some larger weapons.
You are somewhat resistant to further mutation.
You have large cloven feet.


Message History

Aim: a curse skull (lightly damaged)
You throw a poisoned tomahawk.
The poisoned tomahawk hits the jiangshi!!!
The jiangshi is severely damaged.
You hit the curse skull but do no damage.
The curse skull is lightly damaged.
As you read the scroll of teleportation, it crumbles to dust.
You feel strangely unstable.
The ancient champion mumbles some strange words.
The ancient champion seems to speed up.
You block the jiangshi's attack. The jiangshi barely misses you.
The curse skull rattles its jaw.
Unknown command.
The jiangshi disappears in a puff of smoke!
The phantasmal warrior blinks!
The curse skull calls on the powers of darkness!
Your body is wracked with pain!
* * * LOW HITPOINT WARNING * * *
The phantasmal warrior hits you!
You die...

...██ ██.████'█....█..█.█
....████..█....'....█..█.█
..........█....█(...█..█.█
..........█....█z...█..█.█
..........█... █(.n.█..'.█
..........█... █WZ..█..█.█
..........█.. █§z.z█..█.█
███████...█ █.W..█..█.█
█...██████@W..████.█
█........W..§......█
█..................█
███████..................█
.............██████......█
.............█ █......█
.............█ █......█
.............█ █......█
.............██████......█


You could see an ancient champion, 2 shadow wraiths, a curse skull, 2 phantasmal
warriors, a necrophage, a wight and an elf simulacrum.

Vanquished Creatures
  the Royal Jelly (Slime:5)
  An orb of fire (Zot:2)
  A juggernaut (Depths:5)
  Frederick (Vaults:3)
  2 curse toes (Zot:1)
  2 Killer Klowns
  8 golden dragons
  A caustic shrike (Depths:3)
  An electric golem (Zot:1)
  17 tentacled monstrosities
  Asterion (Elf:3)
  4 liches
  3 deep elf master archers (Elf:3)
  4 titans
  6 quicksilver dragons
  A quicksilver dragon (shapeshifter) (Vaults:5)
  20 acid blobs
  A deep elf blademaster (Elf:3)
  4 death cobs
  An ancient champion (Crypt:1)
  10 shadow dragons
  4 sphinxes
  3 thorn hunters
  Gastronok (D:9)
  13 tengu reavers
  10 draconian monks
  12 storm dragons
  13 azure jellies
  16 frost giants
  3 imperial myrmidons (Desolation)
  8 draconian scorchers
  3 draconian knights
  3 emperor scorpions (Spider:4)
  6 fire giants
  12 deep elf sorcerers
  14 vault wardens
  Louise (D:14)
  6 ghost moths
  A curse skull (Crypt:1)
  3 iron dragons
  A balrug (Depths:2)
  7 draconian shifters
  4 deep elf elementalists (Elf:3)
  5 draconian stormcallers
  3 draconian annihilators
  30 very ugly things
  2 entropy weavers
  23 stone giants
  13 ironheart preservers
  4 war gargoyles
  9 green draconians
  8 vampire knights
  4 black draconians
  A lorocyproca (Depths:4)
  11 deep elf demonologists
  5 spark wasps
  2 deep elf annihilators
  9 red draconians
  5 dire elephants (Lair:6)
  10 yellow draconians
  An orange crystal statue (WizLab)
  A halazid warlock (Desolation)
  17 purple draconians
  11 white draconians
  4 death oozes
  The ghost of Karim the Thaumaturge, a journeyman GnWr of the Shining One (Lair:5)
  14 ettins
  6 deep elf death magi
  2 crystal guardians
  5 jiangshi (Crypt:1)
  A merfolk impaler (Depths:1)
  3 deep elf high priests (Elf:3)
  9 yaktaur captains
  11 fire dragons
  25 vault guards
  11 servants of whispers (Desolation)
  3 peacekeepers (Desolation)
  2 spriggan air magi (Depths:3)
  5 ragged hierophants (Desolation)
  14 ice dragons
  12 great orbs of eyes
  6 rakshasas
  14 centaur warriors
  A hydra (shapeshifter) (Depths:4)
  27 hydras
  An anaconda (Lair:6)
  56 two-headed ogres
  4 death knights
  10 alligators
  2 death yaks (Lair:6)
  4 death scarabs (Spider:4)
  18 ogre magi
  9 deep troll earth magi
  20 dancing weapons
  7 vampire magi
  7 deep troll shamans
  3 tengu warriors
  5 orc high priests
  A shock serpent (shapeshifter) (Vaults:5)
  7 spriggan berserkers
  26 deep elf knights
  2 sun demons (Depths:2)
  A fire crab (shapeshifter) (Depths:1)
  A storm dragon zombie (Vaults:4)
  A spectral emperor scorpion (Spider:4)
  10 hell knights
  2 large abominations
  A titan skeleton (Vaults:5)
  2 shadow wraiths
  4 unseen horrors
  9 skeletal warriors
  2 iron trolls
  22 deep trolls
  An unseen horror (shapeshifter) (Vaults:1)
  5 spriggan druids
  3 wizards
  A death drake (shapeshifter) (Vaults:5)
  4 glowing orange brains
  7 flayed ghosts
  9 phantasmal warriors
  29 deep elf archers
  A gelid demonspawn (Depths:4)
  11 necromancers
  7 swamp dragons
  34 wolf spiders
  A lindwurm (shapeshifter) (Vaults:5)
  19 orc knights
  A spectral wolf spider (Spider:4)
  24 ironbrand convokers
  12 orb spiders
  5 orc sorcerers
  50 ugly things
  An iron dragon zombie (Depths:2)
  A frost giant zombie (Vaults:5)
  A sphinx skeleton (Depths:2)
  81 deep elf magi
  11 shining eyes
  A salamander (shapeshifter) (Elf:1)
  A faun (Spider:1)
  17 elephants
  A fire giant skeleton (Depths:2)
  2 human zombies (Vaults:4)
  4 cyclopes
  2 centaur zombies (D:14)
  32 moths of wrath
  An orange demon (Depths:4)
  A titan simulacrum (Vaults:4)
  4 guardian serpents (Desolation)
  4 black mambas
  A stone giant skeleton (Depths:2)
  14 vault sentinels
  3 eyes of devastation
  3 torpor snails
  A smoke demon (Depths:4)
  3 gargoyles
  A spriggan zombie (D:15)
  2 komodo dragons (shapeshifter)
  2 rime drakes (Lair:4)
  14 spiny frogs
  An elf skeleton (Vaults:5)
  5 spectral swamp worms (Depths:3)
  2 spectral redbacks (Spider:4)
  28 yaktaurs
  A kobold demonologist (D:11)
  A yaktaur zombie (D:15)
  9 freezing wraiths
  13 demonic crawlers
  A golden dragon simulacrum (Depths:2)
  A redback zombie (Spider:4)
  4 komodo dragons
  A guardian mummy (D:15)
  A queen bee (Lair:6)
  A queen bee (shapeshifter) (Depths:1)
  A yaktaur skeleton (Vaults:4)
  A polar bear (shapeshifter) (Vaults:2)
  14 trolls
  23 jumping spiders
  2 tengu conjurers (Depths:2)
  A jumping spider (shapeshifter) (Vaults:1)
  A meliai (Spider:2)
  26 hornets
  An iron troll skeleton (Crypt:1)
  A shadow dragon simulacrum (Vaults:3)
  2 spectral jumping spiders (Spider:4)
  42 saltlings
  2 harpy skeletons (D:15)
  2 tarantella zombies (Spider:4)
  10 hippogriffs
  A spectral tarantella (Spider:4)
  10 tyrant leeches
  14 blink frogs
  3 bog bodies
  8 dream sheep (Lair:6)
  148 slime creatures
  A fire giant simulacrum (Vaults:4)
  4 wraiths
  3 air elementals
  4 shadows
  73 redbacks
  7 water elementals
  25 tarantellas
  An ettin skeleton (Vaults:4)
  48 yaks
  A yak (shapeshifter) (Depths:1)
  4 spriggans (Swamp:3)
  5 wyverns
  A basilisk (Lair:4)
  2 fire elementals
  A hungry ghost (D:6)
  A spriggan (shapeshifter) (Depths:3)
  7 golden eyes
  18 humans (D:14)
  A golden eye (shapeshifter) (Depths:3)
  16 insubstantial wisps
  A tengu zombie (D:15)
  19 vampire mosquitoes
  A swamp worm (shapeshifter) (Depths:5)
  A harpy simulacrum (D:15)
  15 swamp worms
  A soldier ant (D:9)
  9 wargs
  Duvessa (D:5)
  14 water moccasins
  An acid dragon (Vaults:1)
  2 floating eyes
  2 spectral hornets (Spider:4)
  15 porcupines
  2 black bears
  9 swamp drakes
  4 ice beasts
  34 orc warriors
  2 phantoms
  3 sky beasts
  An eye of draining (shapeshifter) (Spider:1)
  31 ogres
  7 wolves
  8 eyes of draining
  17 centaurs
  A boggart (Vaults:3)
  8 crocodiles
  A big kobold (D:12)
  Dowan (D:5)
  14 bullfrogs
  4 earth elementals
  A wyvern zombie (D:9)
  A glowing shapeshifter simulacrum (Vaults:1)
  A scorpion (D:6)
  16 killer bees
  8 wights
  7 howler monkeys
  4 crimson imps
  4 hounds
  A quasit (D:10)
  18 orc wizards
  36 orc priests
  4 jellies
  2 bullfrog skeletons
  4 centaur skeletons
  Ijyb (D:5)
  4 iguanas
  A worker ant (shapeshifter) (Depths:1)
  11 worker ants
  A hound zombie (D:5)
  A hound skeleton (D:5)
  4 worker ant zombies
  A howler monkey zombie (D:10)
  A gnoll (shapeshifter) (Vaults:5)
  7 gnolls
  An adder (shapeshifter) (Elf:1)
  11 adders
  8 shadow imps
  3 oozes
  5 worms
  5 leopard geckos
  93 orcs
  A ball python (D:2)
  6 giant cockroaches
  8 hobgoblins
  5 jackals
  6 quokkas
  13 bats
  10 frilled lizards
  15 goblins
  12 kobolds
  A leopard gecko skeleton (D:6)
  6 rats
  3 plants
  3 withered plants (D:15)
2442 creatures vanquished.

Vanquished Creatures (collateral kills)
  Tiamat (Zot:4)
  Margery (Vaults:3)
  A golden dragon (Zot:4)
  Arachne (Spider:4)
  A quicksilver dragon (Zot:3)
  A thorn hunter (Swamp:1)
  3 deep elf sorcerers (Elf:3)
  A draconian shifter (Zot:3)
  3 very ugly things
  A deep elf demonologist (Elf:3)
  An entropy weaver (Spider:2)
  2 deep elf annihilators (Elf:3)
  A minotaur (Lab)
  A white draconian (Zot:3)
  2 purple draconians (Zot:4)
  A spark wasp (Spider:4)
  A red draconian (Zot:3)
  A yellow draconian (Zot:3)
  2 deep elf death magi
  A ragged hierophant (Desolation)
  A fire dragon (Vaults:1)
  A great orb of eyes (Vaults:1)
  2 yaktaur captains
  A deep elf high priest (Elf:3)
  An ogre mage (Vaults:1)
  A servant of whispers (Desolation)
  3 vault guards
  A centaur warrior (Depths:1)
  2 dancing weapons (Elf:2)
  A death yak (Lair:6)
  An alligator (Swamp:1)
  4 death scarabs (Spider:4)
  3 orc high priests (Orc:2)
  A storm dragon zombie (D:15)
  2 deep elf knights
  2 unseen horrors (D:13)
  A shambling mangrove (Swamp:3)
  2 orc knights (Vaults:1)
  2 deep elf archers (Elf:3)
  A wolf spider (Spider:4)
  5 deep elf magi
  2 orb spiders
  2 ironbrand convokers
  3 ugly things
  11 elephants
  A black mamba (Lair:2)
  3 vault sentinels
  A guardian serpent (shapeshifter) (Vaults:1)
  2 rime drakes
  3 spiny frogs
  A spectral redback (Spider:4)
  2 yaktaurs (shapeshifter) (Vaults:4)
  A yaktaur (Vaults:1)
  A small abomination (Elf:3)
  A komodo dragon (Lair:6)
  2 demonic crawlers (Spider:4)
  A hornet (Vaults:1)
  2 spectral jumping spiders (Spider:4)
  A tyrant leech (Swamp:4)
  2 jumping spiders
  17 saltlings (Desolation)
  5 blink frogs (Lair:2)
  7 slime creatures
  3 dream sheep (Lair:6)
  2 hippogriffs (Lair:6)
  5 redbacks
  10 yaks (Lair:6)
  A vampire mosquito (Swamp:2)
  A basilisk (Lair:5)
  2 wargs
  4 insubstantial wisps
  A water moccasin (Lair:6)
  A porcupine (Lair:2)
  4 orc warriors
  An eye of draining (D:13)
  An ogre (Vaults:1)
  A bullfrog (Lair:5)
  A crimson imp (D:13)
  A jelly (Lair:6)
  An orc wizard (Orc:2)
  7 orc priests
  8 orcs
  A butterfly (Lair:2)
  2 fungi
194 creatures vanquished.

Vanquished Creatures (others)
  A deep elf master archer (Elf:3)
  A frost giant (Depths:3)
  A fire giant (Vaults:4)
  A vault warden (Vaults:1)
  A draconian shifter (Zot:4)
  2 very ugly things
  3 ironheart preservers
  A vampire knight (Depths:1)
  3 yaktaur captains
  2 vault guards
  An ice dragon (Vaults:3)
  A centaur warrior (D:14)
  2 two-headed ogres
  A deep troll earth mage (Vaults:4)
  2 ogre magi (Vaults:4)
  A dancing weapon (Elf:2)
  2 deep elf knights (Elf:1)
  A black mamba (Lair:5)
  A deep troll (Vaults:4)
  An orc knight (Vaults:4)
  3 deep elf archers
  A cyclops (Vaults:1)
  An ugly thing (Vaults:1)
  A wolf spider (Vaults:4)
  4 deep elf magi
  A necromancer (D:15)
  An elephant (Lair:5)
  A spiny frog (Swamp:2)
  A redback zombie (Spider:4)
  7 yaktaurs
  4 orc warriors
  A tengu conjurer (Depths:2)
  A saltling (Desolation)
  A hippogriff (D:13)
  A redback (Spider:4)
  A tarantella (Spider:2)
  2 yaks
  A human (D:14)
  A warg (Vaults:4)
  A swamp worm (Swamp:1)
  A floating eye (shapeshifter) (Elf:1)
  A swamp drake (Swamp:3)
  5 ogres
  3 centaurs
  A wolf (Lair:1)
  An orc wizard (Vaults:4)
  3 orcs
  5 briar patches
  15 fungi
  5 plants
104 creatures vanquished.

Grand Total: 2740 creatures vanquished

Notes
Turn   | Place    | Note
-------+----------+-------------------------------------------
     0 | D:1      | nht the Halfling Berserker began the quest for the Orb.
     0 | D:1      | Reached XP level 1. HP: 15/15 MP: 1/1
   125 | D:1      | Reached XP level 2. HP: 20/20 MP: 2/2
   429 | D:1      | Reached ** piety under Trog
   429 | D:1      | Reached skill level 5 in Short Blades
   429 | D:1      | Reached XP level 3. HP: 25/25 MP: 3/3
   687 | D:2      | Reached skill level 1 in Shields
   687 | D:2      | Reached XP level 4. HP: 30/30 MP: 4/4
  1094 | D:2      | Reached XP level 5. HP: 35/35 MP: 5/5
  1190 | D:3      | Reached *** piety under Trog
  1907 | D:3      | Found a stormy altar of Qazlal.
  1908 | D:3      | Found a radiant altar of Vehumet.
  1914 | D:3      | Reached XP level 6. HP: 41/41 MP: 4/6
  2107 | D:4      | Noticed an ogre
  2130 | D:4      | Killed an ogre
  2130 | D:4      | Reached **** piety under Trog
  2130 | D:4      | Reached XP level 7. HP: 45/45 MP: 7/7
  2856 | D:5      | Entered Level 5 of the Dungeon
  2894 | D:5      | Found a staircase to the Ecumenical Temple.
  2894 | D:5      | Noticed Duvessa
  2894 | D:5      | Noticed Dowan
  2904 | D:5      | Killed Duvessa
  2904 | D:5      | Reached skill level 5 in Shields
  2909 | Temple   | Entered the Ecumenical Temple
  2969 | D:5      | Noticed Ijyb
  2983 | D:5      | Killed Ijyb
  3067 | D:5      | Killed Dowan
  3112 | D:5      | Reached XP level 8. HP: 48/51 MP: 6/8
  3394 | D:5      | Found Bozxaolu's Magic Scroll Emporium.
  3401 | D:5      | Bought a scroll of magic mapping for 52 gold pieces
  3401 | D:5      | Bought a scroll of magic mapping for 52 gold pieces
  3401 | D:5      | Bought a scroll of teleportation for 45 gold pieces
  3729 | D:6      | Found a shadowy altar of Dithmenos.
  3789 | D:6      | Reached skill level 10 in Short Blades
  4057 | D:6      | Reached XP level 9. HP: 55/55 MP: 9/9
  4074 | D:6      | Reached ***** piety under Trog
  4266 | D:6      | Reached skill level 1 in Throwing
  4358 | D:7      | Reached skill level 2 in Throwing
  4397 | D:6      | Reached skill level 3 in Throwing
  4410 | D:7      | Found an ornate altar of the Wu Jian Council.
  4658 | D:7      | Reached skill level 4 in Throwing
  4686 | D:7      | Found a sparkling altar of Nemelex Xobeh.
  4719 | D:7      | Found Seeqaihe's Book Shop.
  5115 | D:8      | Reached skill level 5 in Throwing
  5131 | D:8      | Found an opulent altar of Gozag.
  5210 | D:8      | Received a gift from Trog
  5383 | D:8      | Reached skill level 6 in Throwing
  5383 | D:8      | Reached XP level 10. HP: 61/61 MP: 7/10
  5865 | D:9      | Identified Pekex's Handbook of Lucky Battle Magic
  5909 | D:9      | Reached skill level 7 in Throwing
  5950 | D:9      | Found an iron altar of Okawaru.
  6059 | D:9      | Reached skill level 8 in Throwing
  6112 | D:9      | Noticed Gastronok
  6117 | D:9      | Received a gift from Trog
  6141 | D:9      | Killed Gastronok
  6141 | D:9      | Reached skill level 10 in Throwing
  6411 | D:9      | Reached XP level 11. HP: 66/66 MP: 11/11
  6632 | D:10     | Entered Level 10 of the Dungeon
  6743 | D:10     | Reached skill level 11 in Throwing
  6836 | D:10     | Found a staircase to the Orcish Mines.
  7250 | D:10     | Reached skill level 12 in Throwing
  7259 | D:10     | Received a gift from Trog
  7263 | D:10     | Reached skill level 1 in Stealth
  7367 | D:10     | Found a staircase to the Lair.
  7377 | Lair:1   | Entered Level 1 of the Lair of Beasts
  8120 | Lair:1   | Reached skill level 5 in Dodging
  8125 | Lair:1   | Reached XP level 12. HP: 75/75 MP: 12/12
  8234 | Lair:1   | Reached skill level 5 in Stealth
  8255 | Lair:1   | Reached skill level 5 in Fighting
  8721 | Lair:2   | Identified a scroll of acquirement
  8726 | Lair:2   | Received a gift from Trog
  8884 | Lair:2   | Found a labyrinth entrance.
  8939 | Lab      | Entered a labyrinth
  9052 | Lab      | Noticed a minotaur
  9058 | Lab      | Killed a minotaur
  9379 | D:7      | Bought a manual of Armour for 1214 gold pieces
  9463 | D:5      | Bought a scroll of identify for 30 gold pieces
  9463 | D:5      | Bought 3 scrolls of teleportation for 135 gold pieces
  9463 | D:5      | Bought a scroll of identify for 30 gold pieces
  9463 | D:5      | Bought a scroll of identify for 30 gold pieces
  9463 | D:5      | Bought a scroll of identify for 30 gold pieces
  9463 | D:5      | Bought a scroll of enchant weapon for 112 gold pieces
  9463 | D:5      | Bought a scroll of enchant weapon for 112 gold pieces
  9464 | D:5      | Got a brightly glowing brass ring
  9466 | D:5      | Identified the ring of Fenut {+Inv MR+ Dex+4 SInv} (You acquired it on level 5 of the Dungeon)
  9467 | D:5      | beautiful
  9610 | Orc:1    | Entered Level 1 of the Orcish Mines
  9621 | Orc:1    | Found a roughly hewn altar of Beogh.
  9845 | Orc:1    | Reached skill level 1 in Evocations
  9954 | Orc:1    | Found a runed door.
  9954 | Orc:1    | Noticed Oxkywax's ghost (journeyman DsFE)
 10233 | Orc:2    | Entered Level 2 of the Orcish Mines
 10252 | Orc:2    | Received a gift from Trog
 10379 | Orc:2    | Found a bloodstained altar of Trog.
 10491 | Orc:2    | Found a staircase to the Elven Halls.
 10540 | Orc:2    | Reached skill level 5 in Armour
 10541 | Orc:2    | Noticed an orc high priest
 10541 | Orc:2    | Noticed an orc high priest
 10548 | Orc:2    | Killed an orc high priest
 10548 | Orc:2    | Reached XP level 13. HP: 75/84 MP: 13/15
 10597 | Orc:2    | Received a gift from Trog
 10604 | Orc:2    | Found Ulatuez's General Store.
 10604 | Orc:2    | Found Kaphiwah's Assorted Antiques.
 10616 | Orc:2    | Found a roughly hewn altar of Beogh.
 10666 | Orc:2    | Bought a faintly glowing leather armour for 161 gold pieces
 10666 | Orc:2    | Bought a shiny lead wand for 92 gold pieces
 10666 | Orc:2    | Bought a scroll of teleportation for 69 gold pieces
 10666 | Orc:2    | Identified the +2 leather armour "Pumn" {-Tele Regen+ Int-4 Dex+5} (You bought it in a shop on level 2 of the Orcish Mines)
 10684 | Orc:2    | Bought a scroll of fog for 26 gold pieces
 10684 | Orc:2    | Bought a potion of lignification for 39 gold pieces
 10684 | Orc:2    | Bought a scroll of summoning for 123 gold pieces
 10771 | Orc:2    | Reached skill level 5 in Evocations
 10812 | Orc:2    | Found Xucw's Armour Shoppe.
 10812 | Orc:2    | Found Polir's Assorted Antiques.
 10825 | Orc:2    | Bought a scroll of teleportation for 60 gold pieces
 10825 | Orc:2    | Bought a viscous inky potion for 18 gold pieces
 10825 | Orc:2    | Bought a wand of disintegration (11) for 80 gold pieces
 10825 | Orc:2    | Bought a scroll of fear for 70 gold pieces
 10825 | Orc:2    | Bought a potion of curing for 60 gold pieces
 11871 | Lair:3   | Found a staircase to the Swamp.
 11973 | Lair:3   | Reached skill level 10 in Armour
 12249 | Lair:3   | Received a gift from Trog
 12273 | Lair:3   | Noticed a seven-headed hydra
 12280 | Lair:3   | Killed a seven-headed hydra
 12811 | Lair:4   | Found a hole to the Spider Nest.
 12817 | Lair:4   | Reached ****** piety under Trog
 13036 | Lair:4   | Received a gift from Trog
 13202 | Lair:4   | Reached XP level 14. HP: 86/90 MP: 20/20
 13733 | Lair:5   | Found a runed door.
 13733 | Lair:5   | Noticed Karim's ghost (journeyman GnWr)
 13851 | Lair:5   | Killed Karim's ghost
 13885 | Lair:5   | Received a gift from Trog
 14691 | Lair:6   | Entered Level 6 of the Lair of Beasts
 14880 | Lair:6   | Found a staircase to the Slime Pits.
 14936 | Lair:6   | Reached skill level 10 in Evocations
 14956 | Lair:6   | Reached skill level 15 in Armour
 14982 | Lair:6   | Received a gift from Trog
 16177 | Lair:6   | Reached XP level 15. HP: 97/97 MP: 22/22
 16300 | Lair:6   | Received a gift from Trog
 16329 | Lair:6   | Got a twisted crystal plate armour
 16335 | Lair:6   | Identified the amulet "Galyxt" {Harm *Drain rC+ Int+4} (You found it on level 6 of the Lair of Beasts)
 16889 | Orc:2    | Bought the +12 plate armour "Ovvoehiz" {*Slow rC+ rCorr} for 1358 gold pieces
 16933 | Orc:2    | Bought a scroll of identify for 46 gold pieces
 16933 | Orc:2    | Bought a scroll of enchant weapon for 172 gold pieces
 16933 | Orc:2    | Bought a scroll of enchant weapon for 172 gold pieces
 16933 | Orc:2    | Bought a potion of mutation for 184 gold pieces
 16943 | Orc:2    | Bought a scroll of identify for 26 gold pieces
 16943 | Orc:2    | Bought a scroll of identify for 26 gold pieces
 16943 | Orc:2    | Identified the +0 crystal plate armour of Luzxiwno {rF+ rCorr Str+5 Dex-2} (You found it on level 6 of the Lair of Beasts)
 17624 | D:11     | Got a crude dagger
 17625 | D:11     | Identified the cursed +1 dagger "Ycuodgh" {pierce, rF+} (You found it on level 11 of the Dungeon)
 17728 | D:11     | Got a brightly glowing ring mail
 17729 | D:11     | Identified the +5 ring mail "Qor Reuc" {-Tele rC+ Dex+2 Stlth+} (You found it on level 11 of the Dungeon)
 18036 | D:12     | Found a runed door.
 18214 | D:12     | Received a gift from Trog
 18951 | D:12     | Found a roughly hewn altar of Beogh.
 19215 | D:13     | Received a gift from Trog
 19253 | D:13     | Identified the amulet of Niokon {Faith *Drain Str+5} (You found it on level 13 of the Dungeon)
 19411 | D:13     | Reached skill level 10 in Stealth
 19530 | D:14     | Noticed Louise
 19568 | D:14     | Killed Louise
 19581 | D:14     | Found Hautod's Food Emporium.
 19627 | D:14     | Found a flagged portal.
 19637 | Bailey   | Entered a bailey
 19779 | Bailey   | Got a twisted short sword
 19799 | Bailey   | Identified the cursed +2 short sword of Profit {pierce, Int+3} (You found it in a bailey)
 20491 | D:14     | Reached skill level 10 in Dodging
 20697 | D:14     | Reached XP level 16. HP: 97/106 MP: 8/24
 20718 | D:14     | Noticed a storm dragon
 20759 | D:14     | Killed a storm dragon
 20897 | D:14     | Received a gift from Trog
 21623 | D:14     | Reached skill level 13 in Throwing
 21689 | D:14     | Found a gate to the Vaults.
 21868 | D:15     | Entered Level 15 of the Dungeon
 22024 | D:15     | Found a flickering gateway to a bazaar.
 22054 | Bazaar   | Entered a bazaar
 22054 | Bazaar   | Found Kojifoll's General Store.
 22067 | Bazaar   | Found Raloma's Jewellery Boutique.
 22090 | Bazaar   | Found Rig Leza's Antique Armour Shoppe.
 22098 | Bazaar   | Bought a pair of runed gloves for 172 gold pieces
 22098 | Bazaar   | Bought a runed shield for 172 gold pieces
 22134 | Bazaar   | Found Dobai's Distillery.
 22142 | Bazaar   | Bought a potion of haste for 120 gold pieces
 22142 | Bazaar   | Bought a potion of haste for 120 gold pieces
 22142 | Bazaar   | Bought a potion of heal wounds for 60 gold pieces
 22142 | Bazaar   | Bought a potion of curing for 36 gold pieces
 22142 | Bazaar   | Bought a potion of curing for 36 gold pieces
 22142 | Bazaar   | Bought a potion of resistance for 120 gold pieces
 22142 | Bazaar   | Bought a potion of might for 48 gold pieces
 22142 | Bazaar   | Bought a potion of heal wounds for 60 gold pieces
 22142 | Bazaar   | Bought a potion of curing for 36 gold pieces
 22142 | Bazaar   | Bought a potion of might for 48 gold pieces
 22142 | Bazaar   | Found Qata's Antique Weapon Emporium.
 22169 | Bazaar   | Bought a scroll of teleportation for 33 gold pieces
 22169 | Bazaar   | Bought a scroll of teleportation for 33 gold pieces
 22185 | Bazaar   | Bought the ring "Sabrol" {Wiz rElec} for 660 gold pieces
 22185 | Bazaar   | Bought an uncursed ring of resist corrosion for 300 gold pieces
 22305 | D:15     | Found a sacrificial altar of Ru.
 22365 | D:15     | Found a staircase to the Depths.
 23377 | Spider:1 | Entered Level 1 of the Spider Nest
 23381 | Spider:1 | Reached skill level 14 in Throwing
 23391 | Spider:1 | Received a gift from Trog
 23448 | Spider:1 | Got a slimy dagger {god gift}
 23449 | Spider:1 | Identified the +11 dagger of Yreffy {protect, rElec rN+ Str-3} (Trog gifted it to you on level 1 of the Spider Nest)
 23646 | Spider:1 | Got a dazzling buckler
 23657 | Spider:1 | Identified the +1 buckler of Wu Jian's Hope {Str+3 Int+2} (You found it on level 1 of the Spider Nest)
 24762 | Spider:2 | Reached XP level 17. HP: 112/112 MP: 7/26
 24824 | Spider:2 | Received a gift from Trog
 25421 | Spider:2 | Got a polished dagger
 25422 | Spider:2 | Identified the +10 dagger "Newtslayer" {drain, rElec rN+ SInv} (You found it on level 2 of the Spider Nest)
 25676 | Spider:3 | Reached skill level 15 in Throwing
 25929 | Spider:3 | Received a gift from Trog
 26059 | Spider:3 | Reached skill level 10 in Shields
 26623 | Spider:4 | Entered Level 4 of the Spider Nest
 26766 | Spider:4 | Noticed Arachne
 26778 | Spider:4 | Killed Arachne
 27268 | Spider:4 | Received a gift from Trog
 27317 | Spider:4 | Reached skill level 16 in Throwing
 27343 | Spider:4 | Reached XP level 18. HP: 116/118 MP: 5/27
 27661 | Spider:4 | Received a gift from Trog
 28511 | Spider:4 | Got a gossamer rune of Zot
 28845 | Swamp:1  | Entered Level 1 of the Swamp
 29196 | Swamp:2  | Got a pair of ichor-stained boots
 29198 | Swamp:2  | Identified the cursed +0 pair of boots "Jaoteo" {rPois rF++ rC- Slay+3} (You found it on level 2 of the Swamp)
 29360 | Swamp:2  | Received a gift from Trog
 29386 | Swamp:1  | Reached skill level 17 in Throwing
 29708 | Swamp:1  | Received a gift from Trog
 31103 | Swamp:3  | Reached XP level 19. HP: 124/124 MP: 25/28
 31498 | Swamp:3  | Got a vibrating iron ring
 31499 | Swamp:3  | Identified the ring of a Billion Shrikes {MP+9 Int+4 Slay+6 Stlth+} (You acquired it on level 3 of the Swamp)
 31743 | Swamp:4  | Entered Level 4 of the Swamp
 31878 | Swamp:4  | Received a gift from Trog
 32148 | Swamp:4  | Received a gift from Trog
 32803 | Swamp:4  | Reached skill level 18 in Throwing
 32831 | Swamp:4  | Reached skill level 15 in Shields
 32867 | Swamp:4  | Received a gift from Trog
 32971 | Swamp:4  | Got a decaying rune of Zot
 33334 | Elf:1    | Entered Level 1 of the Elven Halls
 33361 | Elf:1    | Received a gift from Trog
 33583 | Elf:1    | Received a gift from Trog
 34258 | Elf:1    | Found Weur's Book Emporium.
 34581 | Elf:1    | Received a gift from Trog
 34776 | Elf:1    | Reached XP level 20. HP: 129/129 MP: 29/29
 34845 | Elf:2    | Found Alit's Weapon Shop.
 34968 | Elf:2    | Received a gift from Trog
 35086 | Elf:2    | Found a runed gate.
 35086 | Elf:2    | Found a runed gate.
 35086 | Elf:2    | Found a runed gate.
 35295 | Elf:2    | Reached skill level 19 in Throwing
 36968 | Elf:3    | Entered Level 3 of the Elven Halls
 37053 | Elf:3    | Found Jajoasy's Jewellery Boutique.
 37057 | Elf:3    | Found Keofaff's Magic Scroll Shop.
 37073 | Elf:3    | Bought the amulet of Vitality {Regen+ HP+15} for 869 gold pieces
 37073 | Elf:3    | Found the amulet of Vitality {Regen+ HP+15}
 37080 | Elf:3    | Bought a scroll of magic mapping for 56 gold pieces
 37080 | Elf:3    | Bought a scroll of magic mapping for 56 gold pieces
 37220 | Elf:3    | Found Qenlupoa's Armour Shop.
 37334 | Elf:3    | Received a gift from Trog
 37453 | Elf:3    | Reached skill level 15 in Short Blades
 38354 | Elf:3    | Reached XP level 21. HP: 135/135 MP: 30/30
 38383 | Elf:3    | Received a gift from Trog
 38394 | Elf:3    | Identified the +1 rapier "Capnent" {antimagic, -Tele rPois rC+ Str+4} (You took it off a deep elf sorcerer on level 3 of the Elven Halls)
 38395 | Elf:3    | Identified the +6 rapier of Impatience {pierce, rC+ Str+2 Int-4 Stlth+} (You took it off a deep elf high priest on level 3 of the Elven Halls)
 38396 | Elf:3    | Identified the +2 robe "Ippu" {rF+} (You took it off a deep elf sorcerer on level 3 of the Elven Halls)
 38397 | Elf:3    | Identified the ring "Becwag" {*Drain Str+7 Dex+3 Slay+5} (You took it off a deep elf sorcerer on level 3 of the Elven Halls)
 38442 | Elf:3    | Identified the +4 ring mail "Ufaoc" {rPois rF- rN+ Str+4} (You took it off a deep elf master archer on level 3 of the Elven Halls)
 38479 | Elf:3    | Got a wavering iron amulet
 38599 | Elf:3    | Got a translucent silver amulet
 38619 | Elf:3    | Noticed Asterion
 38651 | Elf:3    | Killed Asterion
 38708 | Elf:3    | Bought a scroll of identify for 32 gold pieces
 38708 | Elf:3    | Bought a scroll of identify for 32 gold pieces
 38708 | Elf:3    | Bought a scroll of identify for 32 gold pieces
 38708 | Elf:3    | Bought 2 scrolls of identify for 64 gold pieces
 38708 | Elf:3    | Bought a scroll of identify for 32 gold pieces
 38708 | Elf:3    | Bought a scroll of teleportation for 48 gold pieces
 38708 | Elf:3    | Identified the amulet "Jomi" {Reflect rF+ Int+6 Dex+3 SH+5} (You took it off a deep elf sorcerer on level 3 of the Elven Halls)
 38709 | Elf:3    | Identified the amulet "Izod" {Reflect Int+3 SH+6} (You took it off a deep elf blademaster on level 3 of the Elven Halls)
 38978 | Vaults:1 | Entered Level 1 of the Vaults
 39200 | Vaults:1 | Found a ruined gateway.
 39276 | Vaults:1 | Received a gift from Trog
 39329 | Vaults:1 | Received a gift from Trog
 39702 | Desolati | Entered the Desolation of Salt
 39814 | Desolati | Identified the ring "Xaakhlomu" {rF+ Int+4} (You found it in the Desolation of Salt)
 39822 | Desolati | Identified the +6 plate armour "Odiusae" {rF+ MR+ Int+2} (You found it in the Desolation of Salt)
 39845 | Desolati | Identified Xeatz's Incunabulum of Self-Knowledge and Evil
 39942 | Desolati | Received a gift from Trog
 39967 | Desolati | Identified the +7 rapier of the Big Bang {elec, +Fly Str+2 Int+4} (Trog gifted it to you in the Desolation of Salt)
 40043 | Desolati | Identified the ring "Feumunua" {rF++ Stlth-} (You found it in the Desolation of Salt)
 40270 | Desolati | Got a glittering bronze ring
 40273 | Desolati | Identified the ring "Imuete" {rF+ rN+ Dex+4 Stlth-} (You found it in the Desolation of Salt)
 40277 | Desolati | Got a transparent chain mail
 40503 | Desolati | Reached XP level 22. HP: 141/141 MP: 31/31
 40735 | Desolati | Found the +7 Singing Sword
 41635 | Vaults:1 | Received a gift from Trog
 42250 | Vaults:2 | Received a gift from Trog
 42589 | Vaults:2 | Received a gift from Trog
 42938 | Vaults:2 | Received a gift from Trog
 43054 | Vaults:2 | Identified the +1 chain mail of Light {rPois rC- Str-4 Int+9} (You found it in the Desolation of Salt)
 43443 | Vaults:3 | Noticed Frederick
 43450 | Vaults:3 | Killed Frederick
 43820 | Vaults:3 | Received a gift from Trog
 43976 | Vaults:3 | Received a gift from Trog
 43977 | Vaults:3 | Identified the +3 short sword of the Ship {pierce, rElec} (Trog gifted it to you on level 3 of the Vaults)
 44068 | Vaults:3 | Reached XP level 23. HP: 145/145 MP: 28/32
 44603 | Vaults:3 | Reached skill level 20 in Throwing
 44713 | Vaults:3 | Noticed Margery
 44721 | Vaults:3 | Received a gift from Trog
 44733 | Vaults:3 | Cast into level 4 of the Abyss (Margery)
 44808 | Vaults:3 | Escaped the Abyss
 45177 | Vaults:3 | Received a gift from Trog
 45317 | Vaults:3 | Killed Margery
 45334 | Vaults:3 | Found a staircase to the Crypt.
 45770 | Vaults:4 | Found a large runed door.
 45770 | Vaults:4 | Found a large runed door.
 45770 | Vaults:4 | Noticed Zuyghoite's ghost (adept MiFi)
 45826 | Vaults:4 | Received a gift from Trog
 46026 | Vaults:4 | Received a gift from Trog
 46379 | Vaults:4 | Reached XP level 24. HP: 152/152 MP: 32/32
 46520 | Vaults:4 | Reached skill level 21 in Throwing
 46634 | Vaults:4 | Received a gift from Trog
 46733 | Vaults:4 | Found Baloigh's Antique Armour Shop.
 47228 | Depths:1 | Entered Level 1 of the Depths
 47231 | Depths:1 | Found a one-way gate to the infinite horrors of the Abyss.
 47296 | Depths:1 | Found Xaofed's Magic Scroll Shop.
 47329 | Depths:1 | Bought a scroll of blinking for 127 gold pieces
 47329 | Depths:1 | Bought a scroll of identify for 34 gold pieces
 47329 | Depths:1 | Bought a scroll of identify for 34 gold pieces
 47329 | Depths:1 | Bought a scroll of identify for 34 gold pieces
 47752 | Depths:1 | Received a gift from Trog
 47840 | Depths:1 | Found the +12 Vampire's Tooth {vamp}
 48332 | Depths:1 | Found a gateway to Hell.
 48691 | Depths:2 | Received a gift from Trog
 48736 | Depths:2 | neat
 48842 | Depths:2 | Reached skill level 10 in Fighting
 48847 | Depths:2 | max hp with flay
 49024 | Depths:2 | Reached XP level 25. HP: 160/160 MP: 32/32
 49186 | Depths:2 | Found Koroisuett's Weapon Shop.
 49206 | Depths:2 | Bought 4 tomahawks of returning for 76 gold pieces
 49257 | Depths:2 | Reached skill level 22 in Throwing
 49733 | Depths:3 | Found a white marble altar of Elyvilon.
 49786 | Depths:3 | Received a gift from Trog
 50007 | Depths:3 | Found Ixtaq's Weapon Shop.
 50018 | Depths:3 | Paralysed by a floating eye for 2 turns
 50054 | Depths:3 | Found a one-way gate leading to the halls of Pandemonium.
 50218 | Depths:3 | Found a runed door.
 50246 | Depths:3 | Found a runed door.
 50278 | Depths:3 | Noticed a caustic shrike
 50564 | Depths:3 | Identified the ring of Wipud {rElec Dex+3} (You found it on level 3 of the Depths)
 50712 | Depths:3 | Killed a caustic shrike
 50782 | Depths:3 | Identified the ring "Cawymeuc" {Fire rElec Dex-4 Slay+2} (You took it off a hell knight on level 3 of the Depths)
 50853 | Depths:3 | Received a gift from Trog
 50880 | Depths:3 | Found a runed door.
 50915 | Depths:3 | Found a runed door.
 50957 | Depths:3 | Found a runed door.
 50960 | Depths:3 | Found a runed door.
 51266 | Depths:3 | Received a gift from Trog
 51434 | Depths:4 | Reached skill level 23 in Throwing
 51462 | Depths:4 | Upgraded the game from 0.22.0-38-g04b72b8 to 0.22.0-40-g68aacdc
 51495 | Depths:4 | Reached XP level 26. HP: 170/170 MP: 32/32
 51604 | Depths:4 | Found a magical portal.
 51609 | WizLab   | Entered Wucad Mu's Monastery
 51725 | WizLab   | Found the +9 staff of Wucad Mu {channel}
 51774 | WizLab   | Reached XP level 27. HP: 176/176 MP: 32/32
 52090 | Depths:4 | Found a gateway to a bazaar.
 52215 | Bazaar   | Entered a bazaar
 52232 | Bazaar   | Found Ruvaibbu's Jewellery Emporium.
 52247 | Bazaar   | Found Zueko's Gadget Shoppe.
 52262 | Bazaar   | Found Uweofi's Weapon Shoppe.
 52262 | Bazaar   | Found Loimees's Book Emporium.
 52329 | Bazaar   | Bought the ring "Kaeghoh" {rF+ rC+ MR+ AC+4 Str+3} for 482 gold pieces
 53000 | Depths:5 | Entered Level 5 of the Depths
 53023 | Depths:5 | Received a gift from Trog
 53107 | Depths:5 | Noticed a juggernaut
 53124 | Depths:5 | Killed a juggernaut
 53258 | Depths:5 | Found a runed door.
 53639 | Depths:5 | Found a gateway to a ziggurat.
 53650 | Depths:5 | Received a gift from Trog
 53810 | Depths:5 | Found a gate to the Realm of Zot.
 53844 | Depths:5 | Reached skill level 24 in Throwing
 54411 | Vaults:5 | Entered Level 5 of the Vaults
 54770 | Vaults:5 | Received a gift from Trog
 55228 | Vaults:5 | Identified the +2 pair of boots of Fashionability {*Slow rN++ rCorr Stlth+} (You found it on level 5 of the Vaults)
 55252 | Vaults:5 | Received a gift from Trog
 55391 | Vaults:5 | Got a silver rune of Zot
 55429 | Vaults:5 | Received a gift from Trog
 55556 | Vaults:5 | Received a gift from Trog
 55654 | Vaults:5 | Received a gift from Trog
 55940 | Vaults:5 | Reached skill level 25 in Throwing
 55961 | Vaults:5 | Received a gift from Trog
 56463 | Vaults:5 | Received a gift from Trog
 57103 | Slime:1  | Entered Level 1 of the Pits of Slime
 57117 | Slime:1  | Gained mutation: You have large cloven feet. [a shining eye]
 57119 | Slime:1  | Gained mutation: You are weak. (Str -2) [a shining eye]
 57227 | Slime:1  | Gained mutation: You occasionally shout uncontrollably at your foes. [a shining eye]
 58239 | Slime:3  | Gained mutation: Armour fits poorly on your strangely shaped body. [a shining eye]
 58241 | Slime:3  | Received a gift from Trog
 58427 | Slime:3  | Received a gift from Trog
 59117 | Slime:5  | Entered Level 5 of the Pits of Slime
 59137 | Slime:5  | Received a gift from Trog
 59253 | Slime:4  | Received a gift from Trog
 59444 | Slime:5  | Received a gift from Trog
 59502 | Slime:5  | Noticed the Royal Jelly
 59503 | Slime:5  | Found a viscous altar of Jiyva.
 59545 | Slime:5  | Killed the Royal Jelly
 59621 | Slime:5  | Reached skill level 26 in Throwing
 59632 | Slime:5  | wonder what the -corr cap is
 59685 | Slime:5  | Got a slimy rune of Zot
 59696 | Slime:5  | Identified the ring of Devotion {rCorr Int+6 Dex-4} (You found it on level 5 of the Pits of Slime)
 59721 | Slime:5  | Identified the +13 plate armour of the Original Sin {rC- Str+3 Slay+5} (You found it on level 5 of the Pits of Slime)
 59726 | Slime:5  | Identified the +2 leather armour of the Manifold Orbs {Dex+5} (You found it on level 5 of the Pits of Slime)
 59765 | Slime:5  | Identified the Handbook of Torrid Conjuration
 59814 | Slime:5  | Identified the amulet "Fiama" {RegenMP rF+ MR- Dex+4} (You found it on level 5 of the Pits of Slime)
 60435 | Slime:5  | Lost mutation: Armour fits poorly on your strangely shaped body. [potion of mutation]
 60435 | Slime:5  | Lost mutation: You are weak. (Str -2) [potion of mutation]
 60435 | Slime:5  | Lost mutation: You occasionally shout uncontrollably at your foes. [potion of mutation]
 60441 | Slime:5  | Identified the +1 robe of Conscience {Int+2} (You found it on level 5 of the Pits of Slime)
 61155 | Zot:1    | Entered Level 1 of the Realm of Zot
 61751 | Zot:1    | You fall through a shaft!
 61823 | Zot:2    | Found a blossoming altar of Fedhas.
 62840 | Zot:2    | Found a runed gate.
 62841 | Zot:2    | Found an opulent altar of Gozag.
 62842 | Zot:2    | Found a runed gate.
 62842 | Zot:2    | Found a runed gate.
 62842 | Zot:2    | Noticed Vajrapani's ghost (legendary GrFi)
 62843 | Zot:2    | Found Ysext's Assorted Antiques.
 63145 | Zot:3    | Received a gift from Trog
 63257 | Zot:3    | Received a gift from Trog
 63362 | Zot:3    | Got a brightly glowing rapier {god gift}
 63363 | Zot:3    | Identified the +12 rapier of Monotheism {venom, rN+ Str+2} (Trog gifted it to you on level 3 of the Realm of Zot)
 63449 | Zot:3    | Reached skill level 27 in Throwing
 64410 | Zot:4    | Reached skill level 15 in Fighting
 64814 | Zot:4    | Noticed Tiamat
 64820 | Zot:4    | Received a gift from Trog
 65089 | Zot:4    | Killed Tiamat
 65766 | Zot:2    | Noticed an orb of fire
 65800 | Zot:2    | Killed an orb of fire
 65800 | Zot:2    | Received a gift from Trog
 65943 | Depths:1 | Bought 2 scrolls of acquirement for 1768 gold pieces
 66563 | Elf:3    | Bought a scroll of enchant weapon for 120 gold pieces
 66563 | Elf:3    | Bought a scroll of enchant weapon for 120 gold pieces
 67722 | Temple   | Fell from the grace of Trog
 67722 | Temple   | Became a worshipper of Makhleb the Destroyer
 68116 | Crypt:1  | Entered Level 1 of the Crypt
 68528 | Crypt:1  | Slain by a phantasmal warrior

Skill      XL: |  1  2  3  4  5  6  7  8  9 10 11 12 13 14 15 16 17 18 19 20 21 22 23 24 25 26 27 |
---------------+----------------------------------------------------------------------------------+-----
Short Blades   | 4 5 6 7 8 11 12 16 20 22 23 24 | 24.2
Shields        | 1 2 3 4 5 8 11 14 16 17 18 21 | 21.0
Throwing       | 6 10 12 14 16 17 18 19 20 21 23 27 | 27.0
Stealth        | 4 7 8 10 11 14 | 14.9
Fighting       | 4 6 7 8 9 10 11 15 | 15.8
Dodging        | 5 7 8 10 13 | 13.6
Armour         | 5 12 15 20 | 20.0
Evocations     | 2 8 10 11 12 | 12.0

Action                   |  1- 3 |  4- 6 |  7- 9 | 10-12 | 13-15 | 16-18 | 19-21 | 22-24 | 25-27 || total
-------------------------+-------+-------+-------+-------+-------+-------+-------+-------+-------++-------
Melee: Short sword       |   108 |   240 |   375 |   683 |   809 |       |       |       |       ||  2215
       Dagger            |       |       |       |    23 |       |       |       |       |       ||    23
       Quick blade       |       |       |       |       |   617 |  2629 |   895 |   257 |  3612 ||  8010
       Demon blade       |       |       |       |       |       |       |   917 |  1641 |       ||  2558
Throw: Throwing net      |       |     1 |       |       |       |       |       |       |     3 ||     4
       Tomahawk          |       |       |       |       |       |   231 |   180 |   239 |   979 ||  1629
Invok: Berserk           |     3 |     7 |    12 |    18 |    13 |    10 |    15 |     7 |     7 ||    92
       Trog's Hand       |       |       |       |     2 |     4 |     3 |     5 |     3 |     3 ||    20
       Brothers in Arms  |       |       |       |     3 |     4 |     8 |    11 |     6 |     6 ||    38
 Abil: Evoke Invisibilit |       |       |       |     5 |    29 |    33 |    29 |    24 |    30 ||   150
Evoke: Wand              |       |       |    17 |    35 |   171 |   116 |    50 |    75 |    80 ||   544
       Box of beasts     |       |       |       |       |     4 |       |     1 |       |     3 ||     8
       Lamp of fire      |       |       |       |       |       |     6 |     4 |     5 |     7 ||    22
       Phial of floods   |       |       |       |       |       |       |     3 |     2 |       ||     5
       Phantom mirror    |       |       |       |       |       |       |     1 |       |     3 ||     4
       Lightning rod     |       |       |       |       |       |       |     8 |     4 |     4 ||    16
       Sack of spiders   |       |       |       |       |       |       |     2 |     1 |     1 ||     4
       Fan of gales      |       |       |       |       |       |       |       |     1 |     1 ||     2
  Use: Scroll            |       |    10 |     9 |     7 |    16 |     9 |    35 |    10 |    45 ||   141
       Potion            |       |     1 |       |     2 |       |     2 |     3 |     2 |     8 ||    18
 Stab: Sleeping          |     5 |     1 |     3 |    13 |     7 |       |     9 |    12 |    16 ||    66
       Distracted        |       |       |     1 |     1 |     4 |     8 |     9 |     2 |     6 ||    31
       Paralysed         |       |       |     6 |     8 |     9 |     1 |     5 |    34 |     2 ||    65
       Invisible         |       |       |       |     4 |   165 |   190 |   148 |   190 |   131 ||   828
       Confused          |       |       |       |       |     1 |     1 |       |       |       ||     2
  Eat: Chunk             |     1 |    12 |    18 |    28 |    51 |    25 |    34 |    39 |    52 ||   260
       Ration            |       |       |     1 |     3 |     2 |    10 |    10 |     4 |     9 ||    39
Armor: Animal skin       |    27 |    21 |    16 |     1 |       |       |       |       |       ||    65
       Skin              |       |     7 |       |    22 |       |       |       |       |       ||    29
       Troll leather arm |       |       |       |    23 |     4 |       |       |       |       ||    27
       Chain mail        |       |       |       |       |    83 |       |       |       |       ||    83
       Plate armour      |       |       |       |       |   104 |   575 |   504 |   541 |   693 ||  2417
Dodge: Dodged            |   103 |   145 |   125 |   176 |   368 |   891 |   584 |   704 |   682 ||  3778
       Deflected         |       |       |       |     2 |     6 |     9 |       |       |       ||    17
Block: Buckler           |     5 |    60 |    55 |    88 |   269 |   583 |       |       |       ||  1060
       Shield            |       |       |       |       |       |   121 |   914 |  1058 |  1086 ||  3179
       Reflection        |       |       |       |       |       |     5 |    59 |    46 |    58 ||   168
       Rpst.: Demon blade |       |       |       |       |       |       |    75 |   133 |       ||   208
